 Dungeon Crawl Stone Soup version 0.27.1 (webtiles) character file.

Game seed: 12754261824033898728

5906 hickop the Severer (level 10, -5/90 HPs)
             Began as a Minotaur Berserker on Sept 1, 2021.
             Was an Elder of Trog.
             Succumbed to barbed spike wounds
             ... on level 8 of the Dungeon.
             The game lasted 00:28:29 (8679 turns).

hickop the Severer (Minotaur Berserker)             Turns: 8679, Time: 00:28:30

Health: -5/90      AC: 16    Str: 22    XL:     10   Next: 53%
Magic:  9/9        EV:  7    Int:  4    God:    Trog [****..]
Gold:   159        SH:  0    Dex: 13    Spells: 9/9 levels left

rFire    + . .     SeeInvis .   r - +5 battleaxe (freeze)
rCold    + . .     Faith    +   (shield currently unavailable)
rNeg     . . .     Spirit   .   b - +1 plate armour
rPois    .         Reflect  .   (helmet restricted)
rElec    .         Harm     .   e - scarf {rC+ rF+}
rCorr    +         Rampage  .   f - +1 pair of gloves
Will     .....                  (no boots)
Stlth    ..........             l - amulet of faith
HPRegen  0.25/turn              o - ring of resist corrosion
MPRegen  0.11/turn              (no ring)

@: spiked
A: horns 2, retaliatory headbutt
a: Renounce Religion, Berserk, Trog's Hand, Brothers in Arms


You were on level 8 of the Dungeon.
You worshipped Trog.
Trog was greatly pleased with you.
You visited 1 branch of the dungeon, and saw 8 of its levels.

You collected 393 gold pieces.
You spent 234 gold pieces at shops.

Inventory:

Hand Weapons
 r - a +5 battleaxe of freezing (weapon)
Missiles
 a - 30 poisoned darts (quivered)
Armour
 b - a +1 plate armour (worn)
 e - a scarf of resistance (worn)
 f - a +1 pair of gloves (worn)
 v - a scarf of repulsion
Jewellery
 l - an amulet of faith (around neck)
 m - an amulet of faith
 o - a ring of resist corrosion (left hand)
Wands
 q - a wand of polymorph (5)
 s - a wand of flame (39)
 t - a wand of charming (10)
 w - a wand of iceblast (8)
Scrolls
 y - a scroll of teleportation
 z - 2 scrolls of fog
 B - 2 scrolls of summoning {unknown}
Potions
 c - 2 potions of heal wounds
 d - 2 potions of ambrosia
 g - 2 potions of berserk rage
 h - a potion of brilliance {unknown}
 i - 3 potions of magic
 j - a potion of cancellation {unknown}
 k - 2 potions of lignification {unknown}
 n - a potion of flight {unknown}
 p - 2 potions of degeneration {unknown}
 u - a potion of curing
 x - a potion of might {unknown}
 A - a potion of resistance


   Skills:
 + Level 8.5 Fighting
 * Level 15.4 Axes
 + Level 7.2 Armour
 - Level 2.2 Dodging


You had 9 spell levels left.
You didn't know any spells.
Your spell library was empty.

Dungeon Overview and Level Annotations

Branches:
Dungeon (8/15)             Temple (0/1) D:6            Lair (0/6) D:8

Altars:
Kikubaaqudgha
Makhleb
Okawaru
Sif Muna
Vehumet
Wu Jian

Shops:
D:4 (   D:7 *


Innate Abilities, Weirdness & Mutations

You have a pair of horns on your head.
You reflexively headbutt those who attack you in melee.


Message History

The electric eel shoots out a bolt of lightning at you!
The bolt of electricity hits you!
You hit the electric eel. You freeze the electric eel.
Your headbutt misses the electric eel.
The electric eel is moderately wounded.
The electric eel shoots out a bolt of lightning at you!
The bolt of electricity hits you.
The electric eel shoots out a bolt of lightning at you!
The bolt of electricity hits you.
An electric eel comes into view.
The manticore flicks its tail.
The volley of spikes hits you.
The barbed spikes become lodged in your body.
The barbs in your skin will harm you if you move.
Continue?
Uppercase [Y]es or [N]o only, please.
The barbs in your skin will harm you if you move.
Continue?
The barbed spikes dig painfully into your body as you move.
The electric eel shoots out a bolt of lightning at you!
The bolt of electricity hits you!
* * * LOW HITPOINT WARNING * * *
The electric eel shoots out a bolt of lightning at you!
The bolt of electricity hits you!
* * * LOW HITPOINT WARNING * * *
The bolt of electricity hits you!
* * * LOW HITPOINT WARNING * * *
You feel much better.
The electric eel shoots out a bolt of lightning at you!
The bolt of electricity hits you.
* * * LOW HITPOINT WARNING * * *
The manticore flicks its tail.
The volley of spikes hits you.
The barbed spikes become lodged in your body.
* * * LOW HITPOINT WARNING * * *
The electric eel shoots out a bolt of lightning at you!
The bolt of electricity hits you!
* * * LOW HITPOINT WARNING * * *
The bolt of electricity hits you!
* * * LOW HITPOINT WARNING * * *
The barbed spikes dig painfully into your body as you move.
You die...

######## #......#
#####......# ...........#
###........# #........#
########### #........#
#.....≈≈≈≈≈
###...###+######/≈..≈.≈≈≈≈
......'÷÷÷......@$≈..≈≈≈≈≈
###...###÷...###..≈;≈≈;≈≈≈
......###....# #....≈≈≈≈≈≈
#####.#......##....≈≈≈≈.≈.
#.###.#....####..≈..H;≈≈..
......'....'.......≈≈≈≈..>
#.#.#.#....#.....≈≈≈.;≈≈..
#.#.#.###'##........≈≈≈..≈
#..<#.###'######..≈..≈≈;≈.


You could see a manticore and 4 electric eels.

Vanquished Creatures
  2 two-headed ogres (D:7)
  Maggie (D:6)
  A hornet (D:8)
  5 yaks
  A steam dragon (D:7)
  Menkaure (D:6)
  Duvessa (D:7)
  2 water moccasins
  A black bear (D:4)
  3 sky beasts
  3 ice beasts
  5 ogres
  A necrophage (D:5)
  2 wolves (D:8)
  2 bullfrogs
  Blork the orc (D:4)
  A scorpion (D:7)
  Dowan (D:7)
  A wyvern skeleton (D:6)
  10 wights
  A howler monkey (D:8)
  2 bullfrog zombies
  2 centaur zombies (D:6)
  5 hounds
  An orc priest (D:5)
  3 bullfrog skeletons
  3 jellies
  Ijyb (D:5)
  Natasha (thrice) (D:2)
  An orc wizard (D:5)
  3 gnolls (D:5)
  2 howler monkey skeletons
  A howler monkey zombie (D:7)
  3 adders (D:2)
  2 white imps
  A worm (D:5)
  3 dart slugs
  19 orcs
  7 bats
  7 endoplasms
  4 giant cockroaches
  8 goblins
  5 hobgoblins
  3 quokkas
  5 ball pythons
  3 frilled lizards (D:1)
  4 kobolds
  A quokka skeleton (D:4)
  4 rats
152 creatures vanquished.

Notes
Turn   | Place    | Note
-------+----------+-------------------------------------------
     0 | D:1      | hickop the Minotaur Berserker began the quest for the Orb.
     0 | D:1      | Reached XP level 1. HP: 19/19 MP: 0/0
   494 | D:1      | Reached skill level 4 in Axes
   513 | D:1      | Reached XP level 2. HP: 27/27 MP: 1/1
   844 | D:1      | Reached ** piety under Trog
  1274 | D:2      | Reached XP level 3. HP: 33/33 MP: 2/2
  1499 | D:2      | Reached skill level 5 in Axes
  1639 | D:2      | Noticed Natasha
  1646 | D:2      | Killed Natasha
  1647 | D:2      | Reached XP level 4. HP: 41/41 MP: 3/3
  1659 | D:2      | Noticed Natasha
  1668 | D:2      | Killed Natasha
  1810 | D:2      | Noticed Natasha
  1817 | D:2      | Killed Natasha
  1818 | D:2      | Reached skill level 6 in Axes
  2017 | D:2      | Reached XP level 5. HP: 46/47 MP: 4/4
  2075 | D:3      | Found an ornate altar of the Wu Jian Council.
  2323 | D:3      | Found a shimmering blue altar of Sif Muna.
  2324 | D:3      | Found an ancient bone altar of Kikubaaqudgha.
  2325 | D:3      | Found a burning altar of Makhleb.
  2943 | D:3      | Identified a scroll of acquirement
  2943 | D:3      | Acquired a scarf of resistance
  3077 | D:4      | Found Nyworiexu's Antique Weapon Boutique.
  3145 | D:4      | Noticed an ogre
  3169 | D:4      | Killed an ogre
  3169 | D:4      | Reached *** piety under Trog
  3170 | D:4      | Reached skill level 5 in Fighting
  3170 | D:4      | Reached skill level 7 in Axes
  3170 | D:4      | Reached XP level 6. HP: 33/56 MP: 5/5
  3423 | D:4      | Noticed Blork the orc
  3429 | D:5      | Entered Level 5 of the Dungeon
  3532 | D:4      | Killed Blork the orc
  3716 | D:4      | Reached skill level 8 in Axes
  4319 | D:5      | Reached XP level 7. HP: 61/61 MP: 6/6
  4591 | D:5      | Reached skill level 9 in Axes
  5182 | D:5      | Found an iron altar of Okawaru.
  5300 | D:5      | Noticed Ijyb
  5304 | D:5      | Killed Ijyb
  5458 | D:5      | Reached skill level 10 in Axes
  5458 | D:5      | Reached XP level 8. HP: 70/70 MP: 7/7
  6021 | D:5      | Reached skill level 11 in Axes
  6308 | D:5      | Reached skill level 5 in Armour
  6543 | D:6      | Reached skill level 12 in Axes
  6543 | D:6      | Reached XP level 9. HP: 79/79 MP: 8/8
  6544 | D:6      | Noticed Maggie
  6552 | D:6      | Killed Maggie
  6700 | D:6      | Noticed Menkaure
  6707 | D:6      | Killed Menkaure
  6787 | D:6      | Reached **** piety under Trog
  7092 | D:6      | Found a staircase to the Ecumenical Temple.
  7288 | D:7      | Found a radiant altar of Vehumet.
  7321 | D:7      | Reached skill level 13 in Axes
  7619 | D:7      | Found Renosuk's General Store.
  7627 | D:7      | Bought a scroll of teleportation for 36 gold pieces
  7627 | D:7      | Bought a scroll of fog for 24 gold pieces
  7627 | D:7      | Bought a scroll of enchant weapon for 90 gold pieces
  7627 | D:7      | Bought a wand of flame (12) for 84 gold pieces
  7657 | D:7      | Noticed Duvessa
  7658 | D:7      | Noticed Dowan
  7662 | D:7      | Killed Duvessa
  7664 | D:7      | Killed Dowan
  7769 | D:7      | Noticed a two-headed ogre
  7776 | D:7      | Killed a two-headed ogre
  7777 | D:7      | Reached skill level 14 in Axes
  7777 | D:7      | Reached XP level 10. HP: 81/88 MP: 9/9
  7975 | D:7      | Noticed a two-headed ogre
  7980 | D:7      | Killed a two-headed ogre
  8254 | D:8      | Reached skill level 15 in Axes
  8672 | D:8      | Noticed a manticore
  8675 | D:8      | Found a staircase to the Lair.
  8677 | D:8      | HP: 3/90 [electric eel/bolt of electricity (10)]
  8678 | D:8      | HP: 1/90 [electric eel/bolt of electricity (10)]
  8679 | D:8      | Succumbed to barbed spike wounds

Illustrated notes

Levels and vault maps discovered:
D:1:      tarquinn_simple_flora_water_e, layout_rooms, serial_corexii_hall,
          chequers_hall_statues_corner_a, corexii_hall_statues_l,
          roderic_serpentine_path, minivault_26
D:2:      layout_rooms, uniq_natasha
D:3:      layout_basic, gammafunk_temple_overflow_claw, lemuel_tele_altar
D:4:      layout_basic, serial_shops, nicolae_shop_waterfront,
          uniq_blork_the_orc
D:5:      layout_loops_corners, lemuel_round_altar, minivault_4, uniq_ijyb
D:6:      layout_basic, temple_statues, uniq_menkaure, uniq_maggie
D:7:      layout_loops_ring, nicolae_vehumet_radiance, serial_shops, shop,
          minmay_misc_feat_rows, minivault_25, minivault_19,
          kennysheep_generic_room_12, uniq_duvessa
D:8:      layout_basic, erik_lair_island, gammafunk_ghost_abyssal_escape

Skill      XL: |  1  2  3  4  5  6  7  8  9 10 |
---------------+-------------------------------+-----
Axes           | 4 5 6 7 8 10 12 14 15 | 15.4
Fighting       | 4 5 6 7 8 |  8.5
Armour         | 3 4 5 6 7 |  7.2
Dodging        | |  2.2

Action                   |  1- 3 |  4- 6 |  7- 9 | 10-12 || total
-------------------------+-------+-------+-------+-------++-------
Melee: Hand axe          |    77 |    50 |       |       ||   127
       Headbutt          |    13 |    13 |    35 |     8 ||    69
       Battleaxe         |       |    11 |   157 |    52 ||   220
Invok: Berserk           |     1 |     1 |     4 |     1 ||     7
  Use: Scroll            |     3 |     5 |     8 |       ||    16
       Potion            |       |       |       |     1 ||     1
 Stab: Sleeping          |     2 |       |       |       ||     2
Armor: Animal skin       |    12 |     2 |       |       ||    14
       Ring mail         |       |     2 |       |       ||     2
       Plate armour      |       |    28 |    88 |    37 ||   153
Dodge: Dodged            |    43 |    19 |    52 |    21 ||   135
